 Dungeon Crawl Stone Soup version 0.19-a0-1782-g81ad427 (webtiles) character file.

3012 Bzzzz the Unseen (level 9, 0/45 HPs)
             Began as a Spriggan Assassin on Oct 3, 2016.
             Was a Priest of Okawaru.
             Slain by a wight
             ... wielding a +3 battleaxe
              (4 damage)
             ... on level 8 of the Dungeon.
             The game lasted 00:22:40 (11485 turns).

Bzzzz the Unseen (Spriggan Assassin)               Turns: 11485, Time: 00:22:40

Health: 0/45       AC:  5    Str:  7    XL:     9   Next: 55%
Magic:  10/10      EV: 22    Int: 12    God:    Okawaru [***...]
Gold:   456        SH:  0    Dex: 21    Spells: 0 memorised, 8 levels left

rFire  . . .     SeeInvis +     a - +2 dagger (venom)
rCold  . . .     Gourm    .     c - +0 robe
rNeg   . . .     Faith    .     (shield restricted)
rPois  .         Spirit   .     (helmet restricted)
rElec  .         Dismiss  +     d - +2 cloak
rCorr  .         Reflect  .     (gloves unavailable)
MR     +....     Harm     .     (boots unavailable)
Stlth  +++++++++.               k - amulet of dismissal
                                E - ring of stealth
                                u - ring of stealth

@: drained, very quick
A: unfitting armour, see invisible, herbivore 3, speed 3, slow metabolism 2
a: Heroism, Renounce Religion


You were on level 8 of the Dungeon.
You worshipped Okawaru.
Okawaru was most pleased with you.
You were not hungry.

You visited 2 branches of the dungeon, and saw 9 of its levels.

You collected 456 gold pieces.

Inventory:

Hand Weapons
 a - a +2 dagger of venom (weapon)
 b - a +2 blowgun
 l - a +2 dagger
 H - the +4 hand axe of Nengyop {vamp, +Rage, unknown}
   (You found it on level 8 of the Dungeon)

   It inflicts no extra harm, but heals its wielder somewhat when it strikes a
   living foe.
   It lets you go berserk.
Missiles
 f - 2 curare-tipped needles
 j - 12 poisoned needles
 r - 7 needles of confusion
Armour
 c - a +0 robe (worn)
 d - a +2 cloak (worn)
Jewellery
 h - an uncursed ring of ice
 i - an uncursed amulet of magic regeneration {unknown}
 k - an amulet of dismissal (around neck)
 u - a ring of stealth (left hand)
 E - a ring of stealth (right hand)
Wands
 m - a wand of random effects (29/48)
 x - a wand of digging (9/24)
 D - a wand of iceblast (5/15)
 I - a wand of flame (4/48)
Scrolls
 v - 2 scrolls of teleportation
 w - 7 scrolls of remove curse
 y - a scroll of magic mapping
Potions
 e - 2 potions of brilliance
 n - a potion of cancellation
 o - 3 potions of lignification
 p - a potion of berserk rage
 q - 7 potions of curing
 s - a potion of ambrosia
 t - a potion of magic {unknown}
 z - a potion of haste
 A - 2 potions of might
 B - a potion of agility {unknown}
 C - a potion of flight {unknown}
Books
 F - a book of Air

   Spells                             Type                      Level
   a - Shock                          Conjuration/Air              1
   b - Swiftness                      Charms/Air                   2
   c - Repel Missiles                 Charms/Air                   2
   d - Static Discharge               Conjuration/Air              3
   e - Lightning Bolt                 Conjuration/Air              5
Comestibles
 g - 2 bread rations
 G - a royal jelly


   Skills:
 + Level 4.0(3.1) Fighting
 + Level 5.4(4.5) Short Blades
 + Level 5.0(4.1) Throwing
 + Level 6.2(5.3) Dodging
 * Level 15.3(14.2) Stealth


You had 8 spell levels left.
You didn't know any spells.

Dungeon Overview and Level Annotations

Branches:
Dungeon (8/15)             Temple (1/1) D:7
   Lair: D:8-11

Altars:
Ashenzari
Cheibriados
Dithmenos
Elyvilon
Fedhas
Gozag
Hepliaklqana
Kikubaaqudgha
Nemelex Xobeh
Okawaru
Ru
Sif Muna
Trog
Vehumet
Xom
Yredelemnul
Zin
The Shining One

Annotations:
D:7 exclusion: ice statue


Innate Abilities, Weirdness & Mutations

You are very small and have problems with some larger weapons.
You are too small for most types of armour.
You have supernaturally acute eyesight. (SInv)
You are a herbivore.
You cover ground extremely quickly.
You need consume almost no food.


Message History

You hit the wight but do no damage.
The wight is moderately damaged.
The wight misses you.
You hit the wight but do no damage.
The wight is moderately damaged.
You hit the wight but do no damage.
The wight is moderately damaged.
The wight completely misses you.
You hit the wight.
The wight is moderately damaged.
The wight hits you with an enchanted battleaxe.
You feel drained.
You hit the wight.
The wight is heavily damaged.
You hit the wight.
The wight is heavily damaged.
The wight hits you with an enchanted battleaxe!
* * * LOW HITPOINT WARNING * * *
You feel drained.
You die...

###.#
.)## ##.
... #.
#.. ##
#(. #.
#.# ##.
#.# ##..
#z# #...
##@#
##..
#..##
##.
##..##
##
##..##
#.
##..##
##.
##..#
##.#
##.##
##.##
#..#
####..#
#..#
##....##


You could see a wight.

Vanquished Creatures
  Pikel (D:7)
  A hornet (D:7)
  A hippogriff (D:6)
  Menkaure (D:6)
  Duvessa (D:7)
  An orc warrior (D:7)
  A sky beast (D:8)
  3 ogres
  2 phantoms
  2 scorpions (D:7)
  Dowan (D:7)
  A wight (D:8)
  4 howler monkeys
  3 crimson imps
  A bullfrog zombie (D:5)
  A gnoll shaman (D:7)
  2 jellies
  A bullfrog skeleton (D:6)
  A hound (D:6)
  2 iguanas (D:6)
  Ijyb (D:2)
  9 orc wizards
  A worker ant (D:6)
  A hound zombie (D:5)
  A hound skeleton (D:7)
  A howler monkey zombie (D:8)
  8 gnolls
  12 adders
  A howler monkey skeleton (D:8)
  2 oozes
  An adder zombie (D:7)
  2 adder skeletons
  5 worms
  2 dart slugs (D:3)
  4 leopard geckos
  32 orcs
  A ball python (D:5)
  A giant cockroach (D:2)
  4 hobgoblins
  7 jackals
  10 kobolds
  6 quokkas
  13 bats
  5 frilled lizards
  12 goblins
  A jackal skeleton (D:4)
  A quokka skeleton (D:4)
  7 rats
182 creatures vanquished.

Vanquished Creatures (others)
  4 slaves (D:7)
  A scorpion (D:7)
  A crimson imp (D:7)
  A jelly (D:7)
  An orc priest (D:7)
  2 orc wizards (D:7)
  4 orcs (D:7)
  A plant (D:8)
15 creatures vanquished.

Grand Total: 197 creatures vanquished

Notes
Turn   | Place    | Note
-------+----------+-------------------------------------------
     0 | D:1      | Bzzzz the Spriggan Assassin began the quest for the Orb.
     0 | D:1      | Reached XP level 1. HP: 10/10 MP: 2/2
    36 | D:1      | Reached skill level 6 in Stealth
   737 | D:1      | Reached XP level 2. HP: 12/14 MP: 3/3
   953 | D:1      | Reached skill level 7 in Stealth
  1142 | D:2      | Reached XP level 3. HP: 6/18 MP: 4/4
  1636 | D:2      | Noticed Ijyb
  1639 | D:2      | Killed Ijyb
  1639 | D:2      | Reached skill level 8 in Stealth
  1747 | D:2      | Reached XP level 4. HP: 22/22 MP: 5/5
  1878 | D:2      | Reached skill level 9 in Stealth
  2100 | D:2      | Reached XP level 5. HP: 25/25 MP: 6/6
  2902 | D:3      | Reached skill level 10 in Stealth
  3646 | D:3      | Found a deep blue altar of Sif Muna.
  4014 | D:4      | Reached skill level 11 in Stealth
  4014 | D:4      | Reached XP level 6. HP: 11/30 MP: 7/7
  5170 | D:5      | Entered Level 5 of the Dungeon
  5319 | D:5      | Found an iron altar of Okawaru.
  5322 | D:5      | Reached skill level 12 in Stealth
  5722 | D:5      | Became a worshipper of Warmaster Okawaru
  6107 | D:6      | Reached XP level 7. HP: 12/34 MP: 8/8
  6981 | D:6      | Noticed a hippogriff
  7047 | D:6      | Killed a hippogriff
  7047 | D:6      | Reached * piety under Okawaru
  7047 | D:6      | Reached skill level 13 in Stealth
  7347 | D:6      | Noticed Menkaure
  7365 | D:6      | Killed Menkaure
  7365 | D:6      | Reached XP level 8. HP: 38/39 MP: 9/9
  7661 | D:6      | Reached ** piety under Okawaru
  8349 | D:7      | Noticed Pikel
  8386 | D:7      | Killed Pikel
  8386 | D:7      | Reached skill level 5 in Dodging
  8386 | D:7      | Reached skill level 14 in Stealth
  8633 | D:7      | Noticed Dowan
  8634 | D:7      | Noticed Duvessa
  8672 | D:7      | Killed Dowan
  8681 | D:7      | Killed Duvessa
  8701 | D:7      | Reached XP level 9. HP: 16/44 MP: 10/10
  9418 | D:7      | Found a shattered altar of Ashenzari.
  9469 | D:7      | Reached skill level 5 in Short Blades
  9518 | D:7      | HP: 2/44 [poisoned by a hornet]
  9822 | D:7      | Reached *** piety under Okawaru
  9895 | D:7      | Found a staircase to the Ecumenical Temple.
  9929 | D:7      | Noticed an ice statue
  9953 | D:7      | Reached skill level 15 in Stealth
  9974 | Temple   | Entered the Ecumenical Temple
 10556 | D:8      | Found a white marble altar of Elyvilon.
 10655 | D:8      | Got a bloodstained hand axe
 11202 | D:8      | Reached skill level 5 in Throwing
 11485 | D:8      | Slain by a wight

Vault maps used:
D:1:      enne_arrival_octagon_isle, nrook_mini_vaults, minmay_cut_off
D:2:      uniq_iyjb
D:3:      lemuel_blue_sif_altar
D:4:      first_bread
D:5:      okawaru_altar_gauntlet_db
D:6:      uniq_menkaure
D:7:      lemuel_ice_statue, evilmike_ruin_ashenzari, uniq_pikel, uniq_duvessa
D:8:      makhleb_altar_promises_db, basic_altar, hangedman_ranch
Temple:   eino_temple_scatter_basement

Skill      XL: |  1  2  3  4  5  6  7  8  9 |
---------------+----------------------------+-----
Stealth        | 6 7 8 9 11 12 13 14 15 | 15.3
Dodging        | 2 3 5 6 |  6.2
Short Blades   | 3 4 5 |  5.4
Fighting       | 2 3 4 |  4.0
Throwing       | 3 4 5 |  5.0

Action                   |  1- 3 |  4- 6 |  7- 9 || total
-------------------------+-------+-------+-------++-------
Melee: Dagger            |    67 |   273 |   317 ||   657
 Fire: Blowgun           |     9 |    16 |    76 ||   101
Evoke: Wand              |       |       |     5 ||     5
  Use: Scroll            |     7 |     6 |     8 ||    21
       Potion            |       |     1 |     5 ||     6
 Stab: Sleeping          |     9 |    29 |    10 ||    48
       Confused          |       |     1 |       ||     1
       Distracted        |       |     1 |     2 ||     3
  Eat: Royal jelly       |       |     1 |       ||     1
       Pizza             |       |     1 |       ||     1
       Bread ration      |       |       |     1 ||     1
Armor: Robe              |     4 |    39 |    32 ||    75
Dodge: Dodged            |    44 |   208 |   250 ||   502
